 Dungeon Crawl Stone Soup version 0.31-a0-1354-g0f3f92e (webtiles) character file.

Game seed: 4571743561635461008

1936707 gwaga3 the Merry Ant (level 27, 249/249 HPs)
             Began as a Formicid Hunter on Dec 22, 2023.
             Was an Initiate of Gozag.
             Escaped with the Orb
             ... and 3 runes!
             The game lasted 02:22:35 (49297 turns).

gwaga3 the Merry Ant (Formicid Hunter)             Turns: 49297, Time: 02:22:35

Health: 249/249    AC: 10    Str: 19    XL:     27
Magic:  23/23      EV: 34    Int: 11    God:    Gozag
Gold:   594        SH: 21    Dex: 31    Spells: 26/26 levels left

rFire   + + .        L - +8 longbow "Zephyr" {speed, Dex+3 SInv}
rCold   + + .        Y - +5 Storm Queen's Shield {shock, Fly rElec}
rNeg    + . .        D - +2 robe of the Ornamental God {rF+}
rPois   +            (helmet unavailable)
rElec   +            F - scarf {rC+ rF+}
rCorr   +            K - +2 pair of gloves {Stlth+}
SInv    +            (no boots)
Will    ++...        M - amulet of regeneration
Stlth   +            Q - ring of Taenyry {rPois rCorr Str-2 Dex+2}
HPRegen 1.41/turn    P - ring of Zoawkas {rC+ rN+}
MPRegen 0.18/turn

%: no passive effects
@: flying, glowing, studying 3 skills
A: permanent stasis, dig shafts and tunnels, antennae 3, four strong arms,
screaming 1, strong 1, wild magic 1, no potion heal 1, inability to read after
injury 1
0: Orb of Zot
}: 3/15 runes: decaying, serpentine, silver
a: Dig, Shaft Self, Renounce Religion, Potion Petition, Call Merchant, Bribe
Branch


You escaped.
You worshipped Gozag.
Gozag was pleased with you.
You visited 10 branches of the dungeon, and saw 48 of its levels.
You also visited: Trove, Ossuary, Bailey and Ice Cave.

You collected 26464 gold pieces.
You spent 3696 gold pieces at shops.
You paid 22174 gold pieces to Gozag.

Inventory:

Hand Weapons
 L - the +8 longbow "Zephyr" (weapon) {speed, Dex+3 SInv}
   (You found it on level 3 of the Elven Halls)

   Dex+3:     It affects your dexterity (+3).
   SInv:      It lets you see invisible.
Armour
 D - the +2 robe of the Ornamental God (worn) {rF+}
   (You bought it in a shop on level 13 of the Dungeon)

   rF+:       It protects you from fire.
 F - a scarf of resistance (worn)
 K - a +2 pair of gloves of stealth (worn)
 V - +6 gold dragon scales
 Y - the +5 Storm Queen's Shield (worn) {shock, Fly rElec}
   (You found it on level 14 of the Dungeon)

   Shock:     When it blocks an attack, it may electrocute the attacker.
   This works even against foes who are a short distance away.
   rElec:     It insulates you from electricity.
   Fly:       It grants you flight.
Jewellery
 a - a +5 ring of evasion
 f - the ring "Yffon" {*Slow rPois rN++ Will+ Int-5}
   (You found it in a treasure trove)

   [ring of willpower]

   Int-5:     It affects your intelligence (-5).
   rPois:     It protects you from poison rN++: It greatly protects you from
   negative energy.
   Will+:     It increases your willpower.
   *Slow:     It may slow you when you take damage.
 n - the ring "Nag Daem" {Fire rElec Dex+5 SInv Stlth-}
   (You found it in a treasure trove)

   [ring of fire]

   Fire:      It enhances your fire magic.
   Dex+5:     It affects your dexterity (+5).
   rF+:       It protects you from fire.
   rC-:       It makes you vulnerable to cold.
   rElec:     It insulates you from electricity.
   SInv:      It lets you see invisible.
   Stlth-:    It makes you less stealthy.
 o - the ring "Veprir Emm" {*Slow rN+ AC+4 Slay+4}
   (You found it in a treasure trove)

   [ring of protection]

   AC+4:      It affects your AC (+4).
   Slay+4:    It affects your accuracy & damage with ranged weapons and melee
   (+4).
   rN+:       It protects you from negative energy.
   *Slow:     It may slow you when you take damage.
 x - a +6 ring of intelligence
 I - a ring of flight
 M - an amulet of regeneration (around neck)
 P - the ring of Zoawkas (right hand) {rC+ rN+}
   (You found it in an ice cave)

   [ring of protection from cold]

   rC+:       It protects you from cold.
   rN+:       It protects you from negative energy.
 Q - the ring of Taenyry (left hand) {rPois rCorr Str-2 Dex+2}
   (You found it in an ice cave)

   [ring of resist corrosion]

   Str-2:     It affects your strength (-2).
   Dex+2:     It affects your dexterity (+2).
   rPois:     It protects you from poison rCorr: It protects you from acid and
   corrosion.
 S - the ring "Dyim" {*Corrode +Blink Fly rF+ Int+2}
   (You found it in a treasure trove)

   [ring of flight]

   Int+2:     It affects your intelligence (+2).
   rF+:       It protects you from fire.
   Fly:       It grants you flight.
   +Blink:    It lets you blink.
   *Corrode:  It may corrode you when you take damage.
 W - the ring of Upoq {Str+4 Int+3 Slay+4}
   (You found it on level 14 of the Dungeon)

   [ring of slaying]

   Str+4:     It affects your strength (+4).
   Int+3:     It affects your intelligence (+3).
   Slay+4:    It affects your accuracy & damage with ranged weapons and melee
   (+4).
 Z - the ring "Roriwku" {rElec Str-5 Dex+6 Slay+6}
   (You found it on level 3 of the Swamp)

   [ring of dexterity]

   Str-5:     It affects your strength (-5).
   Dex+6:     It affects your dexterity (+6).
   Slay+6:    It affects your accuracy & damage with ranged weapons and melee
   (+6).
   rElec:     It insulates you from electricity.
Wands
 c - a wand of roots (21)
 k - a wand of digging (5)
 y - a wand of paralysis (56)
 J - a wand of polymorph (16)
 N - a wand of mindburst (32)
 O - a wand of light (14)
Scrolls
 b - 4 scrolls of fog (quivered)
 e - 7 scrolls of silence
 h - a scroll of enchant weapon
 l - 11 scrolls of poison
 p - 9 scrolls of vulnerability
 q - 2 scrolls of summoning
 s - 5 scrolls of fear
 u - 2 scrolls of brand weapon
 v - 3 scrolls of revelation
 G - 8 scrolls of amnesia
 H - 5 scrolls of enchant armour
 T - 2 scrolls of noise
 U - 6 scrolls of immolation
Potions
 g - 25 potions of curing
 i - 6 potions of mutation
 m - 10 potions of heal wounds
 r - 5 potions of enlightenment
 t - a potion of brilliance
 w - 6 potions of resistance
 z - 3 potions of lignification
 A - 6 potions of ambrosia
 B - 10 potions of might
 C - 6 potions of magic
 E - 9 potions of attraction
Miscellaneous
 d - a box of beasts
 R - a condenser vane
 X - a phantom mirror


   Skills:
 O Level 27 Fighting
 O Level 27 Ranged Weapons
 - Level 22.0 Armour
 + Level 19.0 Dodging
 - Level 11.5 Stealth
 - Level 13.0 Shields


You had 26 spell levels left.
You didn't know any spells.
Your spell library contained the following spells:

 Spells                   Type           Power      Damage    Failure   Level
 Apportation              Tloc           0%         N/A       61%         1
 Foxfire                  Conj/Fire      0%         2x1d4     61%         1
 Kiss of Death            Conj/Necr      0%         2d5       61%         1
 Necrotise                Necr           0%         1d4       61%         1
 Shock                    Conj/Air       0%         1d3       61%         1
 Slow                     Hex            0%         N/A       61%         1
 Sting                    Conj/Alch      0%         1d3       61%         1
 Summon Small Mammal      Summ           0%         N/A       61%         1
 Ensorcelled Hibernation  Hex/Ice        0%         N/A       75%         2
 Jinxbite                 Hex            0%         N/A       75%         2
 Lesser Beckoning         Tloc           0%         N/A       75%         2
 Mercury Vapours          Alch/Air       0%         N/A       75%         2
 Passwall                 Alch/Erth      0%         N/A       75%         2
 Scorch                   Fire           0%         2d5       75%         2
 Call Canine Familiar     Summ           0%         N/A       92%         3
 Confusing Touch          Hex            0%         N/A       92%         3
 Dazzling Flash           Conj/Hex       0%         N/A       92%         3
 Fugue of the Fallen      Necr           0%         N/A       92%         3
 Gell's Gravitas          Tloc           0%         N/A       92%         3
 Mephitic Cloud           Conj/Alch/Air  0%         N/A       92%         3
 Sigil of Binding         Hex            0%         N/A       92%         3
 Stone Arrow              Conj/Erth      0%         3d7       92%         3
 Teleport Other           Tloc           0%         N/A       92%         3
 Tukima's Dance           Hex            0%         N/A       92%         3
 Vampiric Draining        Necr           0%         2d6       92%         3
 Volatile Blastmotes      Fire/Tloc      0%         2d10      92%         3
 Airstrike                Air            0%         2d(0-16)  100%        4
 Anguish                  Hex/Necr       0%         N/A       100%        4
 Animate Armour           Summ/Erth      0%         N/A       100%        4
 Cause Fear               Hex            0%         N/A       100%        4
 Dimensional Bullseye     Hex/Tloc       0%         N/A       100%        4
 Dispel Undead            Necr           0%         3d6       100%        4
 Flame Wave               Conj/Fire      0%         2d4       100%        4
 Fulminant Prism          Conj/Alch      0%         3d5       100%        4
 Iskenderun's Mystic Bla  Conj/Tloc      0%         2d3       100%        4
 Olgreb's Toxic Radiance  Alch           0%         N/A       100%        4
 Passage of Golubria      Tloc           0%         N/A       100%        4
 Summon Ice Beast         Ice/Summ       0%         N/A       100%        4
 Summon Lightning Spire   Summ/Air       0%         N/A       100%        4
 Agony                    Necr           0%         N/A       100%        5
 Alistair's Intoxication  Alch           0%         N/A       100%        5
 Arcjolt                  Conj/Air       0%         1d10      100%        5
 Borgnjor's Vile Clutch   Necr/Erth      0%         N/A       100%        5
 Fireball                 Conj/Fire      0%         3d3       100%        5
 Freezing Cloud           Conj/Ice/Air   0%         6-21      100%        5
 Lee's Rapid Deconstruct  Erth           0%         3d4*      100%        5
 Silence                  Hex/Air        0%         N/A       100%        5
 Summon Forest            Summ/Tloc      0%         N/A       100%        5
 Summon Mana Viper        Hex/Summ       0%         N/A       100%        5
 Yara's Violent Unravell  Hex/Alch       0%         3d3       100%        5
 Bombard                  Conj/Erth      0%         9d1       100%        6
 Death Channel            Necr           0%         N/A       100%        6
 Eringya's Noxious Bog    Alch           0%         4d6       100%        6
 Plasma Beam              Fire/Air       0%         2x1d10    100%        6
 Starburst                Conj/Fire      0%         6d3       100%        6
 Summon Cactus Giant      Summ           0%         N/A       100%        6
 Enfeeble                 Hex            0%         N/A       100%        7
 Haunt                    Necr/Summ      0%         N/A       100%        7
 Monstrous Menagerie      Summ           0%         N/A       100%        7
 Summon Hydra             Summ           0%         N/A       100%        7
 Infestation              Necr           0%         N/A       100%        8
 Lehudib's Crystal Spear  Conj/Erth      0%         10d2      100%        8
 Chain Lightning          Conj/Air       0%         N/A       100%        9
 Dragon's Call            Summ           0%         N/A       100%        9
 Fire Storm               Conj/Fire      0%         5d1       100%        9
 Shatter                  Erth           0%         3d5*      100%        9
 Swiftness                Air            Unusable   N/A       N/A         3
 Animate Dead             Necr           Unusable   N/A       N/A         4

Dungeon Overview and Level Annotations

Branches:
Dungeon (15/15)            Temple (1/1) D:4            Lair (5/5) D:9
  Swamp (4/4) Lair:2        Snake (4/4) Lair:3        Slime (0/5) Lair:4
    Orc (2/2) D:12            Elf (3/3) Orc:2        Vaults (5/5) D:13
  Crypt (0/3) Vaults:3     Depths (4/4) D:15            Zot (5/5) Depths:4
Ossuary (visited)          Bailey (visited)           IceCv (visited)

Altars:
Ashenzari
Cheibriados
Dithmenos
Elyvilon
Fedhas
Gozag
Hepliaklqana
Kikubaaqudgha
Makhleb
Nemelex Xobeh
Okawaru
Qazlal
Ru
Sif Muna
Trog
Uskayaw
Vehumet
Wu Jian
Xom
Yredelemnul
Zin
The Shining One
Jiyva

Shops:
D:6 :   D:7 [   D:12 =(   D:13 [   Orc:1 (*   Orc:2 !***   Elf:3 [   Lair:5 *!
Snake:1 ?(   Snake:2 *   Snake:3 ([(   Snake:4 (   Vaults:2 ?   Vaults:5 =
Depths:3 [(

Portals:
Hell: Lair:5 Depths:1 Depths:2 Depths:3 Depths:4
Abyss: Depths:3 Depths:4
Pandemonium: Depths:1 Depths:2 Depths:3 Depths:4
Ziggurat: Depths:4

Annotations:
Snake:2 2 transporters
Elf:2 3 runed translucent doors


Innate Abilities, Weirdness & Mutations

You cannot be hasted, slowed, berserked, paralysed or teleported.
You can dig through walls and to a lower floor.
You have a pair of large antennae on your head. (SInv)
Your four strong arms can wield two-handed weapons with a shield.
You occasionally shout uncontrollably at your foes.
Your muscles are strong. (Str +4, Int/Dex -1)
Your spells are a little harder to cast, but a little more powerful.
Potions are less effective at restoring your health.
You occasionally lose the ability to read scrolls when taking damage.


Message History

Your Dodging skill increases to level 19!
No target in view!
The formicid shouts!
There is an open door here.
The human shouts! x2
The formicid shouts!
The barachi shouts!
The minotaur bellows!
A seraph comes into view.
It is wielding a +5 great sword of flaming.
The elf shouts!
A daeva comes into view.
It is wielding a +4 scimitar of holy wrath.
The seraph shouts a warning to its allies!
The seraph gestures.
The seraph begins to accept its allies' injuries.
You hear a shout!
Something moans, "Embrace thy doom, thou tasty curdle!"
The seraph gestures.
The cherub unwields a +0 long sword of flaming.
It stops flaming.
The cherub wields a +0 shortbow.
The cherub shoots an arrow.
The arrow hits you!
The demonspawn shouts!
The seraph gestures.
The seraph begins to accept its allies' injuries.
The cherub sings a powerful hymn!
The angels go into a battle-frenzy!
The orc shouts!
The cherub sings a powerful hymn!
The cherub goes into a battle-frenzy!
The octopode shouts!
The seraph gestures.
The seraph shouts a warning to its allies!
You hear a shout!
Something shouts, "Slither home, thou bawdy boil-brained wagtail!"
The demigod shouts!
The seraph gestures.
The seraph begins to accept its allies' injuries.
The seraph shouts a warning to its allies!
There is a staircase leading out of the dungeon here.
The seraph no longer looks unusually strong.
The angel completely misses you. x2
You have escaped!

#####....† #...##
##.{.. #####
####### ####
#^#x#^#######n#O
########^#9#9####
##......#######..A
#@A..A..A.......##
##..........#####H
############h#e##
#p#i#V#o#6#####
###########


You could see a seraph, an angel (summoned, sheltered), a cherub (summoned,
strong, sheltered) and a demigod.

Vanquished Creatures
  4 dread liches
  3 orbs of fire
  An ancient lich (Vaults:5)
  Boris (twice) (Vaults:3 Depths:1)
  Parghit (Zot:3)
  4 Killer Klowns (Zot:2)
  Saint Roka (Vaults:1)
  Nikola (Swamp:2)
  5 golden dragons
  A Tzitzimitl (Zot:3)
  An electric golem (Zot:5)
  A hellephant (Zot:4)
  A Brimstone Fiend (Zot:3)
  Jorgrun (Orc:1)
  9 tentacled monstrosities
  2 walking earthen tomes (Depths:2)
  5 liches
  14 Orb Guardians
  5 quicksilver dragons
  Asterion (Vaults:3)
  A deep elf blademaster (Elf:3)
  3 titans (Vaults:5)
  5 sphinxes
  The ghost of dhlexpress the Ruinous, an adept DECj of Vehumet (Swamp:3)
  Gastronok (D:9)
  Frances (Swamp:2)
  Kirke (Lair:4)
  2 thorn hunters (Swamp:4)
  Agnes (D:15)
  3 tengu reavers (Vaults:5)
  5 nagarajas
  6 death cobs
  6 shadow dragons
  6 storm dragons
  Aizul (Snake:4)
  The ghost of Ivebedul the Warrior, an adept MiFi of Hepliaklqana (Swamp:3)
  Roxanne (D:14)
  2 deep elf sorcerers
  4 frost giants
  6 fire giants
  A draconian knight (Zot:1)
  2 azure jellies (IceCv)
  A draconian shifter (Zot:3)
  16 vault wardens
  2 draconian monks (Zot:3)
  A demonspawn warmonger (D:10)
  3 draconian scorchers
  2 iron dragons (Vaults:5)
  3 angels
  A balrug (Depths:3)
  5 orc warlords
  A draconian stormcaller (Zot:3)
  Louise (Swamp:2)
  3 ghouls (Swamp:2)
  18 ironbound preservers
  A spriggan defender (Depths:3)
  2 reapers
  A cacodemon (Zot:3)
  A quicksilver ooze (IceCv)
  23 very ugly things
  5 ironbound thunderhulks
  4 green draconians
  12 stone giants
  A demonspawn black sun (D:10)
  A vampire knight (Depths:2)
  2 deep elf demonologists (Vaults:5)
  3 black draconians
  2 white draconians
  3 yellow draconians
  An eleionoma (Swamp:1)
  2 purple draconians
  2 deep elf annihilators (Elf:3)
  8 spark wasps
  A deep elf death mage (Elf:3)
  16 dire elephants
  A blizzard demon (Depths:1)
  3 red draconians
  4 bunyips
  Snorg (Orc:1)
  A jiangshi (Vaults:3)
  9 ettins
  9 yaktaur captains
  9 fire dragons
  8 ice dragons
  An entropy weaver (Vaults:2)
  5 rakshasas
  2 deep elf high priests
  An entropy weaver (shapeshifter) (D:13)
  6 great orbs of eyes
  A hell beast (D:1)
  5 salamander tyrants
  15 alligators
  20 hydras
  An ogre mage (D:14)
  4 spriggan air magi
  9 vault guards
  7 boulder beetles
  A ghost crab (Swamp:1)
  13 anacondas
  Erica (D:9)
  12 ironbound frosthearts
  15 centaur warriors
  19 dancing weapons
  6 two-headed ogres
  A catoblepas (Lair:4)
  2 deep troll shamans
  4 tengu warriors
  2 deep troll earth magi
  5 orc high priests
  2 demonic crawlers
  13 naga warriors
  2 occultists
  6 spriggan berserkers
  2 soul eaters (Depths:1)
  4 shock serpents
  2 vampire magi
  14 deep elf knights
  11 naga sharpshooters
  A sun demon (Zot:5)
  Urug (Lair:4)
  12 hell knights
  2 sixfirhies
  6 salamander mystics (Snake:4)
  Nergalle (Orc:1)
  An iron troll (Depths:1)
  64 deep trolls
  3 skysharks
  6 skeletal warriors
  2 bog bodies
  4 glowing orange brains
  2 phantasmal warriors
  A shadow demon (Zot:3)
  7 spriggan druids
  13 swamp dragons
  8 arcanists
  A lindwurm (shapeshifter) (Vaults:5)
  21 orc knights
  15 deep elf archers
  13 large abominations
  3 necromancers
  6 lindwurms
  8 naga ritualists
  20 ironbound convokers
  10 harpies
  An oklob plant (Lair:5)
  29 deep elf zephyrmancers
  11 mana vipers
  4 orc sorcerers
  A wolf spider (D:14)
  22 deep elf pyromancers
  Maurice (D:11)
  3 cyclopes
  64 ugly things
  3 will-o-the-wisps (Swamp:4)
  18 salamanders
  22 black mambas
  14 moths of wrath
  2 manticores
  A faun (shapeshifter) (Depths:4)
  19 naga magi
  An ice statue (IceCv)
  15 vault sentinels
  3 kobold blastminers (Orc:2)
  16 elephants
  Maggie (D:8)
  5 smoke demons
  A gargoyle (D:14)
  4 orange demons
  11 guardian serpents
  A cane toad (shapeshifter) (D:15)
  Jeremiah (D:8)
  2 hellions
  A torpor snail (Lair:3)
  4 unseen horrors
  6 rime drakes
  13 komodo dragons
  An unseen horror (shapeshifter) (D:15)
  A freezing wraith (D:14)
  18 cane toads
  21 yaktaurs
  An efreet (D:14)
  A komodo dragon (shapeshifter) (D:15)
  2 tormentors
  6 tengu conjurers
  A red devil (Lair:5)
  2 ice devils
  2 polar bears
  11 trolls
  A bloated husk (Swamp:2)
  8 hornets
  A queen bee (D:9)
  10 tyrant leeches
  2 hellwings
  10 saltlings (Orc:2)
  A tarantella (Vaults:2)
  Prince Ribbit (D:8)
  6 blink frogs
  46 slime creatures
  A dream sheep (Lair:5)
  2 ynoxinuls
  An air elemental (Elf:1)
  Sigmund (D:3)
  17 spriggans
  5 water elementals
  46 yaks
  A shadow (D:11)
  5 wraiths
  Grum (D:10)
  5 wyverns
  4 steam dragons
  A vampire (D:11)
  A golden eye (shapeshifter) (D:13)
  3 basilisks
  4 fire elementals
  3 hogs (Lair:4)
  A redback (Vaults:2)
  3 wargs
  2 chaos spawn (Depths:4)
  Menkaure (D:5)
  18 vampire mosquitoes
  41 nagas
  11 swamp worms
  An acid dragon (D:14)
  An acid dragon (shapeshifter) (D:13)
  2 great orb of eyes simulacra (IceCv)
  19 water moccasins
  5 hell hounds (Lair:5)
  8 swamp drakes (Swamp:4)
  49 orc warriors
  5 ice beasts
  A black bear (Lair:3)
  10 small abominations
  8 boggarts
  An oni (shapeshifter) (D:13)
  23 wolves
  16 centaurs
  An ogre (D:6)
  3 slime creature simulacra (IceCv)
  A phantom (D:6)
  5 elf zombies (Ossuary)
  4 gnoll sergeants
  11 bullfrogs
  An earth elemental (Elf:2)
  A glowing shapeshifter simulacrum (IceCv)
  2 necrophages (Swamp:2)
  2 elf skeletons (D:5)
  8 wights
  11 killer bees
  9 electric eels
  4 howler monkeys
  6 centaur zombies (Ossuary)
  4 hounds
  3 human zombies
  10 jellies
  3 gnoll boudas
  22 orc priests
  A sleepcap (D:6)
  4 human skeletons
  Ijyb (D:3)
  2 iguanas
  25 orc wizards
  7 shapeshifter simulacra (IceCv)
  3 mummies (Ossuary)
  Robin (D:3)
  33 gnolls
  5 adders
  A shadow imp (D:8)
  A white imp (D:6)
  3 bombardier beetles
  2 ufetubi (D:7)
  4 dart slugs
  103 orcs
  20 endoplasms
  2 giant cockroaches
  23 goblins
  23 hobgoblins
  A quokka (D:3)
  8 ball pythons
  6 bats
  7 frilled lizards
  6 kobolds
  2 orc skeletons (D:5)
  A rat (D:3)
1947 creatures vanquished.

Vanquished Creatures (collateral kills)
  An ancient lich (Zot:5)
  A Killer Klown (Zot:5)
  An electric golem (Zot:5)
  6 Orb Guardians (Zot:5)
  A deep elf master archer (Elf:3)
  A quicksilver dragon (Zot:5)
  A vault warden (Vaults:5)
  A stone giant (Vaults:5)
  2 ettins (Vaults:5)
  2 yaktaur captains (Vaults:5)
  3 vault guards (Vaults:5)
  A spriggan air mage (Depths:3)
  A spriggan berserker (Depths:3)
  A deep elf knight (Elf:3)
  A spriggan druid (Depths:3)
  An ironbound convoker (Vaults:5)
  4 deep elf archers (Elf:3)
  4 deep elf pyromancers (Elf:3)
  An orc sorcerer (Elf:3)
  A moth of wrath (Zot:5)
  A vault sentinel (Vaults:5)
  3 spriggans (Depths:3)
39 creatures vanquished.

Vanquished Creatures (others)
  A dread lich (Zot:5)
  An ancient lich (Vaults:5)
  2 orbs of fire (Zot:5)
  2 Killer Klowns (Zot:5)
  A Brimstone Fiend (Zot:5)
  8 Orb Guardians (Zot:5)
  A lich (Vaults:5)
  A deep elf master archer (Elf:3)
  2 titans (Vaults:5)
  A quicksilver dragon (Zot:5)
  A sphinx (Vaults:5)
  2 tengu reavers (Vaults:5)
  A storm dragon (Zot:5)
  A shadow dragon (Zot:5)
  3 deep elf sorcerers (Elf:3)
  A balrug (Zot:5)
  4 vault wardens (Vaults:5)
  A deep elf elementalist (Elf:3)
  2 ironbound preservers (Vaults:5)
  2 stone giants (Vaults:5)
  3 deep elf demonologists
  3 deep elf death magi
  3 deep elf annihilators (Elf:3)
  3 ettins (Vaults:5)
  A yaktaur captain (Vaults:5)
  4 deep elf high priests (Elf:3)
  16 vault guards (Vaults:5)
  A sun demon (Zot:5)
  A swamp dragon (shapeshifter) (Vaults:5)
  2 deep elf archers (Elf:3)
  4 deep elf zephyrmancers
  2 phantasmal warriors (Vaults:5)
  A deep elf pyromancer (Elf:3)
  A vault sentinel (Vaults:5)
  A komodo dragon (shapeshifter) (Vaults:5)
  A tarantella (shapeshifter) (Vaults:5)
  A water elemental (Elf:3)
  A human (Lair:4)
  A warg (shapeshifter) (Vaults:5)
  A boggart (Vaults:3)
  A jelly (Lair:4)
  An endoplasm (Lair:4)
  6 foxfires (Swamp:4)
97 creatures vanquished.

Grand Total: 2083 creatures vanquished

Notes
Turn   | Place    | Note
-------+----------+-------------------------------------------
     0 | D:1      | gwaga3 the Formicid Hunter began the quest for the Orb.
     0 | D:1      | Reached XP level 1. HP: 16/16 MP: 1/1
     0 | D:1      | Noticed a demigod
     1 | D:1      | Noticed an octopode
     1 | D:1      | Noticed a spriggan
     3 | D:1      | Noticed a vampire
     7 | D:1      | Noticed a demonspawn
     8 | D:1      | Noticed a gargoyle
    10 | D:1      | Noticed a gargoyle
    10 | D:1      | Noticed a felid
    12 | D:1      | Noticed a ghoul
    12 | D:1      | Noticed an elf
    14 | D:1      | Noticed an ogre
    14 | D:1      | Noticed a naga
    14 | D:1      | Noticed a minotaur
    16 | D:1      | Noticed a formicid
    16 | D:1      | Noticed a human
    18 | D:1      | Noticed a formicid
    18 | D:1      | Noticed a barachi
    20 | D:1      | Noticed a human
    81 | D:1      | Identified a scroll of acquirement
    81 | D:1      | Acquired a manual of Ranged Weapons
    98 | D:1      | Reached XP level 2. HP: 23/23 MP: 2/2
   285 | D:1      | Reached XP level 3. HP: 21/28 MP: 3/3
   312 | D:1      | Found a faded altar of an unknown god.
   791 | D:2      | Reached skill level 5 in Ranged Weapons
   797 | D:2      | Acquired a +0 longbow of freezing
  1293 | D:3      | Reached XP level 4. HP: 35/35 MP: 4/4
  1294 | D:3      | Noticed Ijyb
  1375 | D:3      | Noticed Sigmund
  1382 | D:3      | Killed Sigmund
  1383 | D:3      | Reached XP level 5. HP: 28/42 MP: 5/5
  1383 | D:3      | Reached XP level 6. HP: 33/48 MP: 6/6
  1758 | D:3      | Found a hazy altar of Hepliaklqana.
  1760 | D:3      | Found a glowing golden altar of the Shining One.
  1763 | D:3      | Killed Ijyb
  2056 | D:3      | Noticed Robin
  2074 | D:3      | Killed Robin
  2380 | D:4      | Noticed a steam dragon
  2387 | D:4      | Reached XP level 7. HP: 52/55 MP: 7/7
  2388 | D:4      | Killed a steam dragon
  2389 | D:4      | Reached skill level 5 in Fighting
  2595 | D:4      | Found a stormy altar of Qazlal.
  2595 | D:4      | Found a glowing silver altar of Zin.
  2595 | D:4      | Found an ornate altar of the Wu Jian Council.
  2705 | D:4      | Found a staircase to the Ecumenical Temple.
  2708 | D:4      | Reached skill level 10 in Ranged Weapons
  2716 | Temple   | Entered the Ecumenical Temple
  2721 | Temple   | Became a worshipper of Gozag Ym Sagoz the Greedy
  2740 | D:4      | Identified the +0 war axe of Inconvenience {heavy, rF+ rN+
                  | Dex-4}
  2827 | D:4      | Reached XP level 8. HP: 47/63 MP: 8/8
  3555 | D:5      | Entered Level 5 of the Dungeon
  3602 | D:5      | Noticed Menkaure
  3607 | D:5      | Killed Menkaure
  3998 | D:5      | Found a sand-covered staircase.
  4005 | Ossuary  | Entered an ossuary
  4083 | Ossuary  | Reached XP level 9. HP: 52/71 MP: 9/9
  4774 | D:6      | Found a broken altar of Ashenzari.
  5148 | D:6      | Noticed a troll
  5157 | D:6      | Killed a troll
  5164 | D:6      | Reached XP level 10. HP: 58/82 MP: 10/10
  5355 | D:6      | Found Zedargh's Self-Published Books.
  6041 | D:7      | Found a flagged portal.
  6047 | Bailey   | Entered a bailey
  6332 | Bailey   | Noticed an orc knight
  6332 | Bailey   | Noticed an orc warlord
  6340 | Bailey   | Killed an orc knight
  6341 | Bailey   | Reached skill level 15 in Ranged Weapons
  6355 | Bailey   | Killed an orc warlord
  6358 | Bailey   | Reached skill level 10 in Fighting
  6686 | Bailey   | Reached XP level 11. HP: 91/91 MP: 11/11
  6939 | D:7      | Reached XP level 12. HP: 91/97 MP: 12/12
  7134 | D:7      | Found an ancient bone altar of Kikubaaqudgha.
  7362 | D:7      | Bought a crude ring mail for 216 gold pieces
  7362 | D:7      | Identified the +1 ring mail of the Devil {Will- Str+5
                  | Dex+6} (You bought it in a shop on level 7 of the Dungeon)
  7835 | D:8      | Noticed Jeremiah
  7838 | D:8      | Killed Jeremiah
  7839 | D:8      | Reached skill level 1 in Armour
  7866 | D:8      | Noticed Maggie
  7874 | D:8      | Killed Maggie
  7956 | D:8      | Noticed a boulder beetle
  7970 | D:8      | Killed a boulder beetle
  8465 | D:8      | Noticed Prince Ribbit
  8467 | D:8      | Killed Prince Ribbit
  8662 | D:9      | Found a burning altar of Makhleb.
  8726 | D:9      | Noticed Erica
  8732 | D:9      | Killed Erica
  8785 | D:9      | Found a staircase to the Lair.
  8814 | D:9      | Reached skill level 5 in Stealth
  9238 | D:9      | Noticed Gastronok
  9249 | D:9      | Killed Gastronok
  9419 | D:10     | Entered Level 10 of the Dungeon
  9451 | D:10     | Noticed Grum
  9484 | D:10     | Killed Grum
  9499 | D:10     | Reached XP level 13. HP: 89/104 MP: 13/13
  9861 | D:10     | Reached skill level 5 in Armour
 10187 | D:10     | Found an iron altar of Okawaru.
 10506 | D:11     | Noticed Maurice
 10511 | D:11     | Killed Maurice
 11998 | D:12     | Found a staircase to the Orcish Mines.
 12503 | Orc:1    | Entered Level 1 of the Orcish Mines
 12673 | Orc:1    | Noticed Nergalle
 12676 | Orc:1    | Noticed Snorg
 12679 | Orc:1    | Killed Nergalle
 12701 | Orc:1    | Killed Snorg
 12702 | Orc:1    | Reached XP level 14. HP: 70/102 MP: 14/14
 12923 | D:12     | Bought an amulet of regeneration for 480 gold pieces
 13103 | Orc:1    | Noticed Jorgrun
 13105 | Orc:1    | Found Oqoe's Antique Weapon Boutique.
 13112 | Orc:1    | You fall into a shaft and drop 1 floor!
 13112 | Orc:2    | Entered Level 2 of the Orcish Mines
 13112 | Orc:2    | Found a staircase to the Elven Halls.
 13232 | Orc:2    | Reached skill level 10 in Stealth
 13360 | Orc:1    | Killed Jorgrun
 13401 | Orc:1    | Found Voeb's CLEARANCE SALE!.
 14022 | Orc:2    | Noticed a stone giant
 14028 | Orc:2    | Killed a stone giant
 14199 | Orc:2    | Found Vudarui's General Store.
 14213 | Orc:2    | Found Exzod's Assorted Antiques.
 14226 | Orc:2    | Noticed an orc warlord
 14251 | Orc:2    | Killed an orc warlord
 14340 | Orc:2    | Bought a scroll of brand weapon for 133 gold pieces
 14344 | Orc:2    | Bought a scroll of enchant weapon for 217 gold pieces
 14362 | Orc:2    | Found Suishrer's General Store.
 14523 | Orc:2    | Found Inuaw's Distillery.
 14727 | Lair:1   | Entered Level 1 of the Lair of Beasts
 15009 | Lair:1   | Reached XP level 15. HP: 116/116 MP: 15/15
 15531 | Lair:2   | Acquired a manual of Fighting
 15688 | Lair:2   | Reached skill level 10 in Armour
 16086 | Lair:2   | Found a staircase to the Swamp.
 16827 | Lair:3   | Identified the +0 scale mail "Kiepsa" {rF- Str+8}
 16895 | Lair:3   | Found a staircase to the Snake Pit.
 17249 | Lair:4   | Noticed Urug
 17297 | Lair:4   | Killed Urug
 17569 | Lair:4   | Noticed Kirke
 17573 | Lair:4   | Killed Kirke
 17588 | Lair:4   | Found a viscous altar of Jiyva.
 17593 | Lair:4   | Found a staircase to the Slime Pits.
 18149 | Lair:5   | Entered Level 5 of the Lair of Beasts
 18269 | Lair:5   | Bought a bloodstained ring mail for 216 gold pieces
 18269 | Lair:5   | Identified the +5 ring mail "Quotuin" {rElec Will+ Int-5}
                  | (You bought it in a shop on level 5 of the Lair of Beasts)
 18452 | Lair:5   | Reached XP level 16. HP: 129/129 MP: 16/16
 18968 | Lair:5   | Found a burning altar of Makhleb.
 19083 | Lair:5   | Found a gateway to Hell.
 19865 | D:13     | Found a gate to the Vaults.
 20292 | D:13     | Found a frozen archway.
 20305 | IceCv    | Entered an ice cave
 20685 | IceCv    | Found a viscous altar of Jiyva.
 20685 | IceCv    | Noticed an azure jelly
 20691 | IceCv    | Noticed an azure jelly
 20694 | IceCv    | Killed an azure jelly
 20697 | IceCv    | Killed an azure jelly
 20718 | IceCv    | Got the ring of Zoawkas {rC+ rN+}
 20719 | IceCv    | Identified the ring of Taenyry {rPois rCorr Str-2 Dex+2}
 20993 | D:13     | Reached skill level 1 in Shields
 21097 | D:13     | Identified the +3 helmet of Zetoeh {Str+5 Int+5 Dex+2}
 21183 | D:13     | Bought a twisted robe for 193 gold pieces
 21183 | D:13     | Identified the +2 robe of the Ornamental God {rF+} (You
                  | bought it in a shop on level 13 of the Dungeon)
 21183 | D:13     | Bought a polished robe for 193 gold pieces
 21183 | D:13     | Identified the +4 robe of Ycale {Regen+ Str+5 Int-3
                  | Archmagi} (You bought it in a shop on level 13 of the
                  | Dungeon)
 21229 | D:14     | Noticed Roxanne
 21235 | D:14     | Killed Roxanne
 21236 | D:14     | Reached skill level 15 in Fighting
 21280 | D:14     | Found a runed translucent door.
 21462 | D:14     | Reached XP level 17. HP: 142/142 MP: 17/17
 21674 | D:14     | Identified the ring of Upoq {Str+4 Int+3 Slay+4}
 21679 | D:14     | Identified the amulet "Gaor" {Acrobat +Inv Slay+2}
 21727 | D:14     | Found the +5 Storm Queen's Shield {shock, Fly rElec}
 21871 | D:15     | Entered Level 15 of the Dungeon
 21995 | D:15     | Reached skill level 5 in Shields
 22320 | D:15     | Found a staircase to the Depths.
 22670 | D:15     | Noticed Agnes
 22673 | D:15     | Killed Agnes
 23079 | Swamp:1  | Entered Level 1 of the Swamp
 23792 | Swamp:2  | Noticed Louise
 23803 | Swamp:2  | Noticed Frances
 23804 | Swamp:2  | Killed Louise
 23813 | Swamp:2  | Killed Frances
 23859 | Swamp:2  | Noticed Nikola
 23869 | Swamp:2  | Killed Nikola
 23870 | Swamp:2  | Reached XP level 18. HP: 148/155 MP: 18/18
 24079 | Swamp:2  | Identified the +0 scale mail of Elitism {rElec Str+2 Dex+4}
 24647 | Swamp:3  | Identified the +3 robe "Miann" {rPois Int+2}
 24754 | Swamp:3  | Found a runed translucent gate.
 24754 | Swamp:3  | Found a runed translucent gate.
 24754 | Swamp:3  | Found a runed translucent gate.
 24763 | Swamp:3  | Noticed dhlexpress's ghost (adept DECj)
 24763 | Swamp:3  | Noticed Ivebedul's ghost (adept MiFi)
 24774 | Swamp:3  | Killed Ivebedul's ghost
 24778 | Swamp:3  | Killed dhlexpress's ghost
 24840 | Swamp:3  | Identified the ring "Roriwku" {rElec Str-5 Dex+6 Slay+6}
 25024 | Swamp:4  | Entered Level 4 of the Swamp
 25239 | Swamp:4  | Reached skill level 10 in Shields
 25534 | Swamp:4  | Got a decaying rune of Zot
 25996 | Snake:1  | Entered Level 1 of the Snake Pit
 26061 | Snake:1  | Found Dolimijeja's Weapon Shop.
 26070 | Snake:1  | Found Xaroonoc's Magic Scroll Boutique.
 26076 | Snake:1  | Bought 3 scrolls of enchant weapon for 382 gold pieces
 26835 | Snake:2  | Reached XP level 19. HP: 163/163 MP: 19/19
 27034 | Snake:2  | Found a transporter.
 27121 | Snake:2  | Found Xijeiroo's General Store.
 27226 | Snake:2  | Found a transporter.
 27650 | Snake:3  | You are sucked into a shaft and drop 1 floor!
 27650 | Snake:4  | Entered Level 4 of the Snake Pit
 27655 | Snake:4  | Identified the serpent talisman of the Prince of Darkness
                  | {*Slow Str+2 Int+4 SInv}
 27655 | Snake:4  | Noticed Aizul
 27669 | Snake:4  | Killed Aizul
 29156 | Snake:4  | Got a serpentine rune of Zot
 29609 | Snake:3  | Reached XP level 20. HP: 174/174 MP: 20/20
 29748 | Snake:3  | Found Okaddun's Antique Weapon Shoppe.
 29753 | Snake:3  | Found Naveul's Armour Shoppe.
 29859 | Snake:3  | Got the Anthology of Outbursts
 29923 | Snake:3  | Found Wajasmoq's Antique Weapon Shop.
 29960 | Snake:3  | Identified the +1 ring mail of Josu {Regen+}
 29987 | Snake:3  | Bought +0 gold dragon scales for 880 gold pieces
 30640 | Elf:1    | Entered Level 1 of the Elven Halls
 30911 | Elf:1    | Found a white marble altar of Elyvilon.
 30912 | Elf:1    | Found a glowing silver altar of Zin.
 31047 | Elf:1    | Found a crumbling gateway.
 31076 | Elf:1    | Found a glowing golden altar of the Shining One.
 31261 | Elf:1    | Got Jyschefu's Quarto of Destruction
 32251 | Elf:2    | Found a runed translucent gate.
 32251 | Elf:2    | Found a runed translucent gate.
 32251 | Elf:2    | Found a runed translucent gate.
 32524 | Elf:3    | Entered Level 3 of the Elven Halls
 32624 | Elf:3    | Acquired 925 gold pieces
 32667 | Elf:3    | Reached XP level 21. HP: 180/180 MP: 21/21
 32669 | Elf:3    | Reached skill level 27 in Ranged Weapons
 32913 | Elf:3    | Identified the +5 falchion "Ogopiapt" {spect, Dex+5}
 32993 | Elf:3    | Got the Dissertation on Doom
 33002 | Elf:3    | Identified the +8 longbow "Vatt" {freeze, Dex+2}
 33041 | Elf:3    | Found the +8 longbow "Zephyr" {speed, Dex+3 SInv}
 33060 | Elf:3    | Got the Notes on Charged Chrysopoeia
 33063 | Elf:3    | Identified the staff of Pior {^Fragile rElec SInv Hexes
                  | Necro Air}
 33093 | Elf:3    | Identified the staff "Pettoeg" {rF+ Conj}
 33251 | Elf:3    | Found a portal to a secret trove of treasure.
 33306 | Elf:3    | You paid a toll of +2 gold dragon scales to enter a
                  | treasure trove
 33307 | Trove    | Entered a treasure trove
 33309 | Trove    | Identified the ring "Dyim" {*Corrode +Blink Fly rF+ Int+2}
 33312 | Trove    | Identified the ring "Wakufuesch" {rC+ AC+4}
 33313 | Trove    | Identified the amulet of Gaujuox {Reflect +Blink Int+2
                  | Dex-3 SH+5}
 33319 | Trove    | Identified the ring "Nag Daem" {Fire rElec Dex+5 SInv
                  | Stlth-}
 33320 | Trove    | Identified the ring "Yffon" {*Slow rPois rN++ Will+ Int-5}
 33341 | Trove    | Identified the ring "Veprir Emm" {*Slow rN+ AC+4 Slay+4}
 33354 | Trove    | Identified the ring "Aheuruv" {Fire rN+ Dex+4 Slay+2}
 33356 | Trove    | Identified the ring "Eckic" {Fire rElec Str+3}
 33501 | Elf:3    | Found a radiant altar of Vehumet.
 33566 | Elf:3    | Bought a smoking ring mail for 306 gold pieces
 33566 | Elf:3    | Identified the +4 ring mail of Dishonour {Str+3} (You
                  | bought it in a shop on level 3 of the Elven Halls)
 33699 | Vaults:1 | Entered Level 1 of the Vaults
 34388 | Vaults:1 | Noticed Saint Roka
 34402 | Vaults:1 | Killed Saint Roka
 34403 | Vaults:1 | Reached skill level 10 in Dodging
 35537 | Vaults:2 | Reached XP level 22. HP: 173/187 MP: 22/22
 36229 | Vaults:2 | Found Wapnuolida's Magic Scroll Shop.
 36418 | Vaults:3 | Noticed Asterion
 36428 | Vaults:3 | Killed Asterion
 36836 | Vaults:3 | Reached skill level 15 in Dodging
 36967 | Vaults:3 | Found a magical portal.
 37367 | Vaults:3 | Found a staircase to the Crypt.
 37513 | Vaults:3 | Noticed Boris
 37526 | Vaults:3 | Killed Boris
 37852 | Vaults:4 | Reached XP level 23. HP: 194/194 MP: 23/23
 38454 | Vaults:4 | Acquired a manual of Armour
 38739 | Vaults:4 | Reached skill level 15 in Armour
 38949 | Vaults:5 | Entered Level 5 of the Vaults
 38984 | Vaults:5 | Noticed an ancient lich
 39310 | Vaults:5 | Identified the +5 buckler "Junly" {rN+ Int+3}
 39315 | Vaults:5 | Identified the +11 hand axe "Kyzuocoi" {freeze, rCorr
                  | Str+3}
 39317 | Vaults:5 | Identified the staff of Diet Blood {Fly rElec rC+ Will+
                  | Ice}
 39383 | Vaults:5 | Identified the +8 plate armour "Esia" {*Slow rN++ rCorr
                  | Str+2}
 39450 | Vaults:5 | Noticed a golden dragon
 39461 | Vaults:5 | Killed a golden dragon
 39510 | Vaults:5 | Noticed an ancient lich
 39528 | Vaults:5 | Killed an ancient lich
 40117 | Vaults:5 | Identified the +10 spear of Pynug {freeze, rC+}
 40121 | Vaults:5 | Got a silver rune of Zot
 40206 | Vaults:5 | Reached XP level 24. HP: 208/208 MP: 23/23
 40959 | Depths:1 | Entered Level 1 of the Depths
 40959 | Depths:1 | Noticed Boris
 40976 | Depths:1 | Killed Boris
 41510 | Depths:1 | Found a hide-covered altar of Uskayaw.
 41928 | Depths:1 | Found a one-way gate leading to the halls of Pandemonium.
 43630 | Depths:3 | Reached XP level 25. HP: 76/219 MP: 23/23
 43875 | Depths:3 | Found Rikloim's Antique Weapon Shop.
 43977 | Depths:3 | Found Veost's Armour Shop.
 43983 | Depths:3 | Bought a scarf of resistance for 480 gold pieces
 44306 | Depths:3 | Found a one-way gate to the infinite horrors of the Abyss.
 45145 | Depths:4 | Entered Level 4 of the Depths
 45377 | Depths:4 | Noticed a caustic shrike
 45377 | Depths:4 | Noticed a caustic shrike
 45377 | Depths:4 | Noticed a caustic shrike
 45377 | Depths:4 | Noticed a caustic shrike
 45377 | Depths:4 | Noticed a caustic shrike
 45380 | Depths:4 | Noticed a caustic shrike
 45380 | Depths:4 | Noticed a caustic shrike
 45381 | Depths:4 | Noticed a caustic shrike
 45721 | Depths:4 | Noticed a caustic shrike
 45725 | Depths:4 | Noticed a caustic shrike
 45740 | Depths:4 | Noticed a caustic shrike
 45743 | Depths:4 | Noticed a caustic shrike
 45743 | Depths:4 | Noticed a caustic shrike
 46056 | Depths:4 | Found a gate to the Realm of Zot.
 46098 | Depths:4 | Found a one-way gateway to a ziggurat.
 46273 | Zot:1    | Entered Level 1 of the Realm of Zot
 46293 | Zot:2    | Noticed a Killer Klown
 46567 | Zot:2    | Noticed a Killer Klown
 46567 | Zot:2    | Noticed a Killer Klown
 46567 | Zot:2    | Noticed a Killer Klown
 46567 | Zot:2    | Noticed a dread lich
 46593 | Zot:1    | Noticed a dread lich
 46613 | Zot:1    | Killed a dread lich
 46756 | Zot:1    | Noticed a dread lich
 46765 | Zot:1    | Killed a dread lich
 46789 | Zot:1    | Reached XP level 26. HP: 215/237 MP: 23/23
 46837 | Zot:1    | Noticed a dread lich
 46845 | Zot:1    | Killed a dread lich
 46952 | Zot:2    | Killed a dread lich
 46956 | Zot:2    | Killed a Killer Klown
 46976 | Zot:2    | Killed a Killer Klown
 47172 | Zot:2    | Killed a Killer Klown
 47188 | Zot:2    | Killed a Killer Klown
 47423 | Zot:4    | Noticed an orb of fire
 47423 | Zot:4    | Noticed Parghit
 47685 | Zot:4    | Gained mutation: You are frail. (-10% HP) [an orb of fire]
 47689 | Zot:3    | Gained mutation: You are vulnerable to cold. (rC-) [an orb
                  | of fire]
 47690 | Zot:3    | Gained mutation: You are very frail. (-20% HP) [an orb of
                  | fire]
 47697 | Zot:3    | Killed an orb of fire
 47698 | Zot:3    | Reached skill level 27 in Fighting
 47698 | Zot:3    | Lost mutation: You are very frail. (-20% HP) [potion of
                  | mutation]
 47698 | Zot:3    | Lost mutation: You are vulnerable to cold. (rC-) [potion of
                  | mutation]
 47698 | Zot:3    | Gained mutation: You occasionally shout uncontrollably at
                  | your foes. [potion of mutation]
 47698 | Zot:3    | Gained mutation: You do not regenerate when monsters are
                  | visible. [potion of mutation]
 47699 | Zot:3    | Lost mutation: You do not regenerate when monsters are
                  | visible. [potion of mutation]
 47699 | Zot:3    | Lost mutation: You occasionally shout uncontrollably at
                  | your foes. [potion of mutation]
 47699 | Zot:3    | Lost mutation: You are frail. (-10% HP) [potion of
                  | mutation]
 47699 | Zot:3    | Gained mutation: You have an increased reservoir of magic.
                  | (+10% MP) [potion of mutation]
 47699 | Zot:3    | Gained mutation: Your spells are a little harder to cast,
                  | but a little more powerful. [potion of mutation]
 47770 | Zot:3    | Killed Parghit
 47890 | Zot:5    | Entered Level 5 of the Realm of Zot
 48077 | Zot:5    | Noticed a dread lich
 48077 | Zot:5    | Noticed an ancient lich
 48093 | Zot:5    | Noticed an orb of fire
 48095 | Zot:5    | Noticed an orb of fire
 48102 | Zot:5    | Noticed a Killer Klown
 48102 | Zot:5    | Noticed an orb of fire
 48105 | Zot:5    | Noticed an orb of fire
 48118 | Zot:5    | Noticed an orb of fire
 48139 | Zot:5    | Killed a Killer Klown
 48140 | Zot:5    | Noticed an orb of fire
 48147 | Zot:5    | Noticed an orb of fire
 48147 | Zot:5    | Lost mutation: You have an increased reservoir of magic.
                  | (+10% MP) [an orb of fire]
 48158 | Zot:5    | Noticed a Killer Klown
 48164 | Zot:5    | Killed an orb of fire
 48178 | Zot:5    | Killed an orb of fire
 48182 | Zot:5    | Killed an ancient lich
 48198 | Zot:5    | Killed a Killer Klown
 48252 | Zot:5    | Noticed a Killer Klown
 48263 | Zot:5    | Killed a Killer Klown
 48368 | Zot:5    | Got the Orb of Zot
 48409 | Zot:5    | Gained mutation: Potions are less effective at restoring
                  | your health. [mutagenic glow]
 48420 | Zot:5    | Gained mutation: You occasionally lose the ability to read
                  | scrolls when taking damage. [mutagenic glow]
 48433 | Zot:5    | Gained mutation: You occasionally shout uncontrollably at
                  | your foes. [mutagenic glow]
 48446 | Zot:5    | Gained mutation: Your muscles are strong. (Str +4, Int/Dex
                  | -1) [mutagenic glow]
 48479 | Zot:4    | Noticed a curse toe
 48586 | Zot:3    | Reached XP level 27. HP: 195/249 MP: 23/23
 48881 | D:11     | Noticed a seraph
 48882 | D:11     | Identified the +6 tower shield of Gyrpho {Rampage rF- rC+++
                  | rCorr}
 49278 | D:1      | Noticed a seraph
 49297 | D:$      | Escaped with the Orb!

Illustrated notes

Levels and vault maps discovered:
D:1:      shiori_arrival_whats_in_store_for_you, layout_basic,
          hellmonk_ecumenical_altar_run_dry
D:2:      layout_basic, nicolae_titane
D:3:      layout_basic, chequers_temple_overflow_statue_of_worship, uniq_robin,
          uniq_ijyb, uniq_sigmund
D:4:      wad_lake_hut, layout_loops_corners, gammafunk_temple_overflow_claw,
          minmay_temple_entry_offerings, grunt_ministairs_3, chequers_garden,
          minmay_manual_mail
D:5:      layout_loops_ring, nicolae_ossuary_entry_catacombs, uniq_menkaure
D:6:      layout_basic, cheibrodos_ashenzari_chains, nicolae_custom_books
D:7:      layout_basic, kiku_gazebo_pond_becter, enter_bailey_3,
          minmay_misc_feat_columns, kennysheep_pointless_box
D:8:      layout_basic, serial_bayou_lagoon_b, uniq_jeremiah, uniq_maggie,
          uniq_prince_ribbit1
D:9:      layout_irregular_city, bloody_makhleb, minmay_lair_entry_grove,
          nicolae_looking_at_the_future, uniq_erica, uniq_gastronok
D:10:     layout_long_grid, lemuel_coloured_pillars_altar, uniq_grum
D:11:     layout_irregular_city, kennysheep_generic_room_11, uniq_maurice
D:12:     layout_loops_cross, david_orc_4, kennysheep_generic_room_5
D:13:     layout_roguey, david_vaults_2, portal_ice_cave_rime, laboratory
D:14:     minmay_the_grid_four_pointed_star_mashed
          [minmay_the_grid_triangle_9x9_from_above,
          minmay_the_grid_triangle_9x9_zippers_vertical,
          minmay_the_grid_triangle_9x9_subtriangle,
          minmay_the_grid_triangle_9x9_empty, minmay_the_grid_prize_trominoes],
          layout_cave_pools, serial_column_ruins, column_ruins_hut,
          column_ruins_grid_1, column_ruins_corridor_straight,
          column_ruins_grid_1, column_ruins_grid_3, column_ruins_grid_1,
          column_ruins_columns_straight, uniq_roxanne
D:15:     gammafunk_enter_depths_forms, layout_irregular_city,
          gauntlet_entry_generic, uniq_agnes
Temple:   nicolae_temple_ecumenical_triangle
Lair:1:   layout_cave_pods
Lair:2:   lemuel_slime, layout_gridlike, skrybe_swamp_entry_bodies
Lair:3:   layout_chaotic_city, minmay_snake_entry_guardpost_medium,
          beast_lair_carwin_9
Lair:4:   layout_cave_pods, slime_entry_2, grunt_megastairs_4, uniq_kirke,
          uniq_urug
Lair:5:   evil_forest, layout_cave_pods, serial_bayou_shore_a,
          infiniplex_staircase_pool, serial_bayou_shore_b
Swamp:1:  layout_basic_swamp, serial_swamp_ruin, evilmike_swamp_ruin_rubble_2,
          evilmike_swamp_ruin_house_5, evilmike_swamp_ruin_house_4,
          nicolae_swamp_decorative_isthmus
Swamp:2:  layout_basic_swamp, hangedman_swamp_cone, swamp_pool_3, uniq_frances,
          uniq_louise, uniq_nikola
Swamp:3:  layout_falls_marsh, gammafunk_ghost_cemetery,
          nicolae_swamp_dense_foliage
Swamp:4:  swamp_alternative, layout_basic_swamp
Snake:1:  layout_rooms, nicolae_snake_gridmaze_tees, minmay_shoptagon
Snake:2:  gammafunk_the_bubble [the_bubble_gammafunk_split], layout_layer_cave,
          serial_shops, nicolae_shop_just_a_little_nook
Snake:3:  cheibrodos_snake_ritualist_ritual, layout_onion, serial_shops, shop,
          nicolae_stop_n_shop_1, nicolae_shop_behind_doors,
          hangedman_snake_corridor_cut, lemuel_fruit_tree
Snake:4:  johnstein_snake_rune_scales, layout_layer_cave, uniq_aizul
Orc:1:    layout_diamond_mine, serial_shops, shop, nicolae_shop_clearance,
          uniq_jorgrun, uniq_snorg, uniq_nergalle
Orc:2:    hellmonk_orc_salted, layout_caves
Elf:1:    layout_loops_cross, portal_desolation_entry_holy_temple,
          minmay_elf_sorcery
Elf:2:    nicolae_elf_blades_splatter_lattice [nicolae_blade_little_rooms],
          layout_loops_cross, serial_sigils, serial_sigils_hangedman_clutch,
          serial_sigils_hangedman_snap, serial_sigils_hangedman_shear,
          special_room [special_room_orc]
Elf:3:    minmay_elf_hall_furrowed, layout_gridlike,
          nicolae_trove_entry_diagonal, guppyfry_elf_altar
Vaults:1: vaults_room_door_ring, v_misc_30, ontoclasm_vaults_tryst,
          nicolae_vaults_doubleplus_tesselated, v_alt_pattern_1,
          nicolae_vaults_mini_display_case, v_pattern_2, ontoclasm_vaults_chip,
          layout_vaults_omnigrid, uniq_saint_roka
Vaults:2: nicolae_vaults_puzzle_piece, nicolae_vaults_closet_pinwheel_4,
          nicolae_vaults_trapezoid_lopsided_4, v_misc_4,
          nicolae_vaults_trapezoid_layered, grunt_vaults_hallway_short,
          layout_vaults_omnicross, serial_shops, shop
Vaults:3: lightli_enter_wizlab_magi_temple, v_alt_pattern_2,
          nicolae_vaults_sesquioval_fish, nicolae_vaults_offset_grid_hallway_1,
          nicolae_vaults_double_plus_1, hangedman_vaults_snaps,
          nicolae_vaults_meiosis, minmay_crypt_entry_simple_statues,
          vaults_room_stairs_pillars, grunt_vaults_diagonal,
          vaults_dpeg_diagonal, nicolae_vaults_storage_closets_3,
          nicolae_vaults_frosty_reception, nicolae_vaults_prndl,
          nicolae_vaults_double_plus_2, nicolae_vaults_trapezoid_4,
          vaults_room_pool, layout_vaults_ring, uniq_boris, uniq_asterion
Vaults:4: nicolae_vaults_diamond_2, v_rooms_5, v_misc_12, ontoclasm_vaults_eye,
          grunt_vaults_funnel, nicolae_vaults_tangram_2, v_misc_22, v_misc_3,
          v_rooms_1, nicolae_vaults_offset_grid_hallway_1,
          layout_vaults_maze_bifur
Vaults:5
Depths:1: kennysheep_cluttered_fort, layout_cave_pools,
          nicolae_concentric_dashed_squares_mild, hellmouth_1,
          grunt_pan_entry_spiral, nicolae_danse_macabre
Depths:2: minmay_outward_triangles, layout_basic, grunt_metal_band, pan_entry,
          infiniplex_staircase_zigzag_3
Depths:3: minmay_spriggan_fort, layout_honeycomb, rand_demon_pan_entry_9,
          serial_shops, shop, nicolae_shop_crystal, hell_entry,
          minmay_misc_feat_more_columns, abyss_entry, grunt_megastairs_5
Depths:4: evilmike_zot_entry_basic, layout_cave_pools, enter_ziggurat_b,
          minmay_room_of_horrors, hell_entry, rand_demon_pan_entry_5
Zot:1:    hellmonk_crystal_mountain, layout_gridlike
Zot:2:    ebering_klown_carousel, layout_cellular_growth
Zot:3:    layout_concentric_octagons, regret_index_zotdec_plus
Zot:4:    lemuel_firehouse, layout_cathedral_of_symmetry,
          nicolae_transmutations_shop, grunt_ministairs_13, st_stairs_6,
          uniq_parghit
Zot:5:    layout_cathedral_of_symmetry

Skill      XL: |  1  2  3  4  5  6  7  8  9 10 11 12 13 14 15 16 17 18 19 20 21 22 23 24 25 26 27 |
---------------+----------------------------------------------------------------------------------+-----
Ranged Weapons | 5 7 8 10 12 14 15 17 18 19 20 22 23 24 25 26 27 | 27.0
Fighting       | 3 4 5 6 8 10 12 15 17 18 19 21 22 25 27 | 27.0
Dodging        | 9 12 16 18 19 | 19.0
Stealth        | 6 9 11 | 11.5
Armour         | 4 7 9 11 12 14 18 21 22 | 22.0
Shields        | 3 8 10 13 | 13.0

Action                     |  1- 3 |  4- 6 |  7- 9 | 10-12 | 13-15 | 16-18 | 19-21 | 22-24 | 25-27 || total
---------------------------+-------+-------+-------+-------+-------+-------+-------+-------+-------++-------
  Melee: Unarmed           |       |       |       |       |     9 |       |       |       |       ||     9
   Fire: Shortbow          |    75 |       |       |       |       |       |       |       |       ||    75
         Longbow           |    16 |    89 |   243 |   482 |  1012 |   840 |  1040 |  1744 |  1248 ||  6714
  Throw: Throwing net      |       |       |       |     1 |       |     4 |       |       |       ||     5
 Invoke: Call Merchant     |       |       |       |     1 |     4 |     1 |     2 |     1 |       ||     9
         Bribe Branch      |       |       |       |       |       |       |     1 |     1 |     2 ||     4
         Potion Petition   |       |       |       |       |       |       |       |       |     3 ||     3
Ability: Dig               |       |       |       |     1 |     8 |     1 |     1 |     2 |    11 ||    24
         Shaft Self        |       |       |       |       |     1 |       |     1 |       |       ||     2
  Evoke: Wand              |       |       |       |     2 |     7 |     2 |       |       |    34 ||    45
         Condenser vane    |       |       |       |       |       |       |       |     1 |     1 ||     2
         Box of beasts     |       |       |       |       |       |       |       |     1 |       ||     1
         Phantom mirror    |       |       |       |       |       |       |       |     1 |       ||     1
    Use: Scroll            |     4 |     2 |     3 |     8 |    10 |    12 |     9 |     7 |    11 ||    66
         Potion            |       |       |       |     2 |       |     1 |       |     3 |    18 ||    24
 Armour: Leather armour    |    13 |    22 |    79 |    33 |       |       |       |       |       ||   147
         Ring mail         |       |       |       |    28 |   100 |   162 |    31 |       |       ||   321
         Robe              |       |       |       |       |       |       |    80 |   150 |   206 ||   436
  Dodge: Dodged            |    26 |    30 |    53 |    76 |   230 |   240 |   111 |   188 |   218 ||  1172
  Block: Kite shield       |       |       |       |       |       |   162 |   246 |   369 |   340 ||  1117

Table legend: (Time is in decaauts)
 A = Elapsed time spent in this place.
 B = Non-inter-level travel time spent in this place.
 C = Inter-level travel time spent in this place.
 D = Time resting spent in this place.
 E = Time spent auto-exploring this place.
 F = Levels seen in this place.
 G = Mean time per level.
                   A        B        C        D        E       F      G
               +--------+--------+--------+--------+--------+-----+--------+
         Total |  48224 |  43496 |   4728 |   1062 |  31814 |  52 |  927.4 |
       Dungeon |  15398 |  13428 |   1970 |    213 |  10678 |  15 | 1026.5 |
        Temple |     14 |     10 |      4 |      0 |      0 |   1 |   14.0 |
          Lair |   5433 |   4728 |    705 |     18 |   3846 |   5 | 1086.6 |
         Swamp |   2790 |   2552 |    238 |      0 |   1926 |   4 |  697.5 |
     Snake Pit |   4462 |   3982 |    480 |     25 |   3044 |   4 | 1115.5 |
  Orcish Mines |   1837 |   1655 |    182 |    156 |    949 |   2 |  918.5 |
   Elven Halls |   2945 |   2789 |    156 |      0 |   2025 |   3 |  981.7 |
        Vaults |   6549 |   6149 |    400 |     48 |   4717 |   5 | 1309.8 |
        Depths |   4816 |   4474 |    342 |    130 |   3185 |   4 | 1204.0 |
           Zot |   2110 |   1862 |    248 |    349 |    487 |   5 |  422.0 |
         Trove |     62 |     62 |      0 |      0 |      0 |   1 |   62.0 |
       Ossuary |    346 |    346 |      0 |      0 |    241 |   1 |  346.0 |
        Bailey |    831 |    831 |      0 |      0 |    537 |   1 |  831.0 |
      Ice Cave |    624 |    624 |      0 |    122 |    178 |   1 |  624.0 |
               +--------+--------+--------+--------+--------+-----+--------+

Top non-repeatable levels by time:
 Snake:4: 1903 daAuts
Vaults:5: 1690 daAuts
Depths:3: 1619 daAuts
     D:4: 1500 daAuts
    D:12: 1475 daAuts
  Lair:5: 1381 daAuts
    D:11: 1321 daAuts
     D:7: 1318 daAuts
Vaults:3: 1309 daAuts
Vaults:1: 1294 daAuts
Vaults:2: 1209 daAuts
    D:15: 1186 daAuts
  Lair:2: 1185 daAuts
Depths:1: 1149 daAuts
Depths:2: 1115 daAuts
